Colorado vs Checkers
Created - Saturday, February 22, 2025 at 22:45
Goals
|
Colorado |
1 |
3 |
0 |
0 |
4 |
Checkers |
3 |
0 |
1 |
1 |
5 |
|
Shots
|
Colorado |
6 |
9 |
6 |
0 |
21 |
Checkers |
25 |
6 |
17 |
1 |
49 |
|
1st period
1. Checkers , Joe Carroll 23 (Jiri Smejkal 20) at 1:12 (PP)
2. Checkers , Dino Kambeitz 13 (Wyatt Bongiovanni 29, Ethan Frisch 18) at 4:54
3. Checkers , Jiri Smejkal 17 (Wyatt Bongiovanni 30, Tyler Wotherspoon 25) at 14:36 (PP)
4. Colorado , Dmitri Voronkov 37 (Maxwell Crozier 32) at 19:04
Penalties :
Dmitri Voronkov (COL) for Hooking (Minor) at 0:04, Brayden Pachal (COL) for Hooking (Minor) at 2:04, John Stevens (COL) for Roughing (Minor) at 5:41, Nikita Nesterenko (CHA) for Cross-checking (Minor) at 11:38, Ethan Frisch (CHA) for Slashing (Minor) at 12:06, Filip Cederqvist (COL) for Roughing (Minor) at 14:14, Austin Rueschhoff (CHA) for Tripping (Minor) at 16:20, Dmitri Voronkov (COL) for Holding (Minor) at 19:09
2nd period
5. Colorado , Brandon Biro 20 (Dmitri Voronkov 43) at 1:34 (PP)
6. Colorado , Maxwell Crozier 8 (Dmitri Voronkov 44, Ryan Shea 27) at 10:18 (SH)
7. Colorado , Brayden Pachal 4 (Filip Cederqvist 10, Jett Jones 8) at 15:08
Penalties :
Christoffer Sedoff (CHA) for Hooking (Minor) at 1:32, Dino Kambeitz (CHA) for Boarding (Double Minor) at 2:01, Kim Nousiainen (COL) for Butt-ending (Major / Game Misconduct) at 5:48
3rd period
8. Checkers , Jeffrey Viel 11 (Tyler Wotherspoon 26, Jiri Smejkal 21) at 0:24
Penalties :
Maxwell Crozier (COL) for Interference (Minor) at 5:57, Maxwell Crozier (COL) for Hooking (Minor) at 8:16, Jett Jones (COL) for Roughing (Minor) at 14:02, Ethan Samson (COL) for High sticking (Minor) at 17:13, Justin Pearson (CHA) for Roughing (Minor) at 19:28
Overtime #1
9. Checkers , Jiri Smejkal 18 (Ethan Frisch 19) at 2:22
Penalties :
No Penalty
Goalie Stats
Henrik Tikkanen (COL), 44 saves from 49 shots - (0.898), OTL, 14-12-1, 62:23 minutes
Matthew Murray (CHA), 17 saves from 21 shots - (0.810), W, 9-20-3, 62:23 minutes
Players Stats for Colorado
Player Name G A P +/- PIM S H SB GA TA FO MP PP MP PK MP
------------------------------------------------------------------------------------
Axel Jonsson-Fjallby 0 0 0 -1 0 0 0 0 0 0 1/1 8:43 1:41 0:38
Brandon Biro 1 0 1 0 0 3 1 0 0 0 6/12 20:01 4:21 6:36
Brayden Pachal 1 0 1 0 2 1 1 5 0 0 0/0 17:59 1:07 3:20
Colton Young 0 0 0 0 0 0 0 0 0 0 0/0 0:00 0:00 0:00
Cooper Walker 0 0 0 0 0 0 0 0 0 0 2/8 7:05 0:00 0:00
Dmitri Voronkov 1 2 3 2 4 5 4 0 0 0 17/40 22:04 3:14 9:12
Eetu Liukas 0 0 0 0 0 0 0 0 0 0 1/1 7:05 0:00 0:00
Ethan Samson 0 0 0 0 2 1 1 4 0 0 0/0 24:41 4:25 8:32
Filip Cederqvist 0 1 1 -1 2 2 3 0 0 0 5/9 18:31 0:00 5:30
Jett Jones 0 1 1 -1 2 1 0 0 0 0 5/8 6:16 0:08 0:00
John Stevens 0 0 0 0 2 1 4 0 0 0 8/19 16:05 4:25 1:31
Kim Nousiainen 0 0 0 -1 15 0 0 0 0 0 0/0 6:25 1:06 0:00
Maxwell Crozier 1 1 2 1 4 2 0 5 0 0 0/0 23:16 3:14 7:43
Michael Callahan 0 0 0 0 0 0 1 1 0 0 0/0 25:32 4:25 9:40
Pavol Regenda 0 0 0 2 0 2 2 0 0 0 1/2 25:22 4:21 10:50
Ryan Sandelin 0 0 0 0 0 1 0 0 0 0 1/1 13:53 3:43 0:00
Ryan Shea 0 1 1 0 0 0 0 1 0 0 0/0 23:27 3:14 9:43
Taro Hirose 0 0 0 0 0 2 0 1 0 0 1/1 21:40 4:25 7:25
Players Stats for Checkers
Player Name G A P +/- PIM S H SB GA TA FO MP PP MP PK MP
------------------------------------------------------------------------------------
Anton Malmstrom 0 0 0 -2 0 2 3 0 0 0 0/0 13:18 0:34 0:59
Austin Rueschhoff 0 0 0 0 2 1 2 0 0 0 7/14 13:28 0:34 0:00
Brendan Furry 0 0 0 0 0 0 0 0 0 0 0/0 0:39 0:00 0:00
Brian Pinho 0 0 0 -1 0 3 3 0 0 0 1/2 21:16 10:17 5:16
Christoffer Sedoff 0 0 0 -2 2 0 1 0 0 0 0/0 13:04 0:34 0:46
Dino Kambeitz 1 0 1 -1 4 6 2 1 0 0 1/1 19:31 9:43 1:23
Ethan Frisch 0 2 2 1 2 3 0 0 0 0 0/0 22:11 9:28 4:20
Griffin Mendel 0 0 0 0 0 1 2 2 0 0 0/0 23:01 9:06 5:18
Ilya Solovyov 0 0 0 1 0 0 0 2 0 0 0/0 25:46 10:08 4:26
Jeffrey Viel 1 0 1 0 0 4 2 0 0 0 0/2 18:17 0:55 0:00
Jiri Smejkal 2 2 4 2 0 9 0 0 0 0 1/1 20:49 9:32 1:38
Joe Carroll 1 0 1 0 0 7 2 0 0 0 6/14 18:37 9:23 0:00
Justin Pearson 0 0 0 -1 2 0 0 0 0 0 0/1 12:38 0:00 0:00
Nikita Nesterenko 0 0 0 0 2 4 5 0 0 0 17/35 23:31 10:18 3:27
Tyler Wotherspoon 0 2 2 1 0 4 0 2 0 0 0/0 26:17 10:30 4:26
Tyson Kozak 0 0 0 0 0 1 0 0 0 0 3/3 1:41 0:51 0:50
Will MacKinnon 0 0 0 0 0 0 0 0 0 0 0/0 0:12 0:00 0:12
Wyatt Bongiovanni 0 2 2 0 0 4 1 0 0 0 18/29 22:18 8:57 4:55
3 Stars
1 - Jiri Smejkal (CHA)
2 - Dmitri Voronkov (COL)
3 - Tyler Wotherspoon (CHA)
Power Play
Colorado - 1 on 7 Attempt(s) - 14.29%
Checkers - 2 on 10 Attempt(s) - 20.00%
Penalty Kill
Colorado - 8 on 10 Attempt(s) - 80.00%
- Score 1 goal in Penalty Kill
Checkers - 6 on 7 Attempt(s) - 85.71%
- Score 0 goal in Penalty Kill
Team Stat
Colorado - Hits : 17 - Faceoff Wins : 48 - Blocked Shots : 17 - Penalty Minutes : 33
Checkers - Hits : 23 - Faceoff Wins : 54 - Blocked Shots : 7 - Penalty Minutes : 14
Official
Referees : Peter Macdougall and Mitch Dunning
Linesman : Unknown
Game Notes
Kim Nousiainen (COL) for Butt-ending (Major / Game Misconduct) at 5:48
Kim Nousiainen ejected from game at 5:48 of 2nd period
Finance
Level 1 -- Attendance: 1883 (94.15%) -- Ticket Income $65,905
Level 2 -- Attendance: 970 (97.00%) -- Ticket Income $14,550
Total Attendance: 2853 (95.10%)
Total Ticket Income: $80,455
Other Income: $39,423
Total Income: $119,878
Colorado
5 vs 5 Forward
Center Left Wing Right Wing Time % Phy DF OF
1 Dmitri Voronkov Brandon Biro Pavol Regenda 25 1 2 2
2 John Stevens Taro Hirose Ryan Sandelin 25 1 2 2
3 Jett Jones Axel Jonsson-Fjallby Filip Cederqvist 25 1 2 2
4 Cooper Walker Eetu Liukas Filip Cederqvist 25 1 2 2
5 vs 5 Defense
Defense Defense Time % Phy DF OF
1 Ryan Shea Maxwell Crozier 25 1 2 2
2 Michael Callahan Ethan Samson 25 1 2 2
3 Kim Nousiainen Brayden Pachal 25 1 2 2
4 Ryan Shea Maxwell Crozier 25 1 2 2
PowerPlay Forward
Center Left Wing Right Wing Time % Phy DF OF
1 Dmitri Voronkov Brandon Biro Pavol Regenda 60 1 2 2
2 John Stevens Taro Hirose Ryan Sandelin 40 1 2 2
PowerPlay Defense
Defense Defense Time % Phy DF OF
1 Ryan Shea Maxwell Crozier 60 1 2 2
2 Michael Callahan Ethan Samson 40 1 2 2
Penalty Kill 4 Players Forward
Center Wing Time % Phy DF OF
1 Dmitri Voronkov Pavol Regenda 60 1 2 2
2 Brandon Biro Taro Hirose 40 1 2 2
Penalty Kill 4 Players Defense
Defense Defense Time % Phy DF OF
1 Ryan Shea Maxwell Crozier 60 1 2 2
2 Michael Callahan Ethan Samson 40 1 2 2
Penalty Kill - 3 Players Forward
Forward Time % Phy DF OF
1 Dmitri Voronkov 60 1 2 2
2 Pavol Regenda 40 1 2 2
Penalty Kill - 3 Players Defense
Defense Defense Time % Phy DF OF
1 Ryan Shea Maxwell Crozier 60 1 2 2
2 Michael Callahan Ethan Samson 40 1 2 2
4 vs 4 Forward
Center Wing Time % Phy DF OF
1 Dmitri Voronkov Pavol Regenda 60 1 2 2
2 Brandon Biro Taro Hirose 40 1 2 2
4 vs 4 Defense
Defense Defense Time % Phy DF OF
1 Ryan Shea Maxwell Crozier 60 1 2 2
2 Michael Callahan Ethan Samson 40 1 2 2
Last Minutes Offensive
Center Left Wing Right Wing Defense Defense
Dmitri Voronkov Brandon Biro Pavol Regenda Ryan Shea Maxwell Crozier
Last Minutes Defensive
Center Left Wing Right Wing Defense Defense
Dmitri Voronkov Brandon Biro Pavol Regenda Ryan Shea Maxwell Crozier
Goaltenders
Starting : Henrik Tikkanen
Backup : Evan Fitzpatrick
Extra Forwards
Normal : Axel Jonsson-Fjallby, Jett Jones, Filip Cederqvist - PP : Axel Jonsson-Fjallby, Jett Jones - PK : Filip Cederqvist
Extra Defensemen
Normal : Kim Nousiainen, Ryan Shea, Michael Callahan - PP : Kim Nousiainen - PK : Maxwell Crozier, Michael Callahan
Penalty Shots
Dmitri Voronkov, Pavol Regenda, Brandon Biro, Taro Hirose, John Stevens
Custom OT Lines Forwards
Dmitri Voronkov, Pavol Regenda, Brandon Biro, Taro Hirose, John Stevens, Ryan Sandelin, Jett Jones, Filip Cederqvist, Eetu Liukas, Axel Jonsson-Fjallby
Custom OT Lines Defensemen
Ryan Shea, Maxwell Crozier, Michael Callahan, Ethan Samson, Kim Nousiainen
Scratches
Farm Player 101 (Healthy), Louis Domingue (Healthy), Eetu Makiniemi (Healthy)
Checkers
5 vs 5 Forward
Center Left Wing Right Wing Time % Phy DF OF
1 Austin Rueschhoff Justin Pearson Jeffrey Viel 25 1 2 2
2 Nikita Nesterenko Jiri Smejkal Brian Pinho 25 1 2 2
3 Wyatt Bongiovanni Joe Carroll Dino Kambeitz 25 1 2 2
4 Nikita Nesterenko Jiri Smejkal Jeffrey Viel 25 1 2 2
5 vs 5 Defense
Defense Defense Time % Phy DF OF
1 Tyler Wotherspoon Ilya Solovyov 25 1 2 2
2 Griffin Mendel Ethan Frisch 25 1 2 2
3 Christoffer Sedoff Anton Malmstrom 25 1 2 2
4 Ilya Solovyov Tyler Wotherspoon 25 1 2 2
PowerPlay Forward
Center Left Wing Right Wing Time % Phy DF OF
1 Joe Carroll Wyatt Bongiovanni Jiri Smejkal 60 1 2 2
2 Nikita Nesterenko Dino Kambeitz Brian Pinho 40 1 2 2
PowerPlay Defense
Defense Defense Time % Phy DF OF
1 Tyler Wotherspoon Ilya Solovyov 60 1 2 2
2 Griffin Mendel Ethan Frisch 40 1 2 2
Penalty Kill 4 Players Forward
Center Wing Time % Phy DF OF
1 Wyatt Bongiovanni Brian Pinho 60 1 2 2
2 Nikita Nesterenko Dino Kambeitz 40 1 2 2
Penalty Kill 4 Players Defense
Defense Defense Time % Phy DF OF
1 Tyler Wotherspoon Ilya Solovyov 60 1 2 2
2 Griffin Mendel Ethan Frisch 40 1 2 2
Penalty Kill - 3 Players Forward
Forward Time % Phy DF OF
1 Nikita Nesterenko 60 1 2 2
2 Brian Pinho 40 1 2 2
Penalty Kill - 3 Players Defense
Defense Defense Time % Phy DF OF
1 Tyler Wotherspoon Ilya Solovyov 60 1 2 2
2 Griffin Mendel Ethan Frisch 40 1 2 2
4 vs 4 Forward
Center Wing Time % Phy DF OF
1 Joe Carroll Brian Pinho 60 1 2 2
2 Nikita Nesterenko Wyatt Bongiovanni 40 1 2 2
4 vs 4 Defense
Defense Defense Time % Phy DF OF
1 Tyler Wotherspoon Ilya Solovyov 60 1 2 2
2 Griffin Mendel Ethan Frisch 40 1 2 2
Last Minutes Offensive
Center Left Wing Right Wing Defense Defense
Nikita Nesterenko Brian Pinho Jiri Smejkal Tyler Wotherspoon Ilya Solovyov
Last Minutes Defensive
Center Left Wing Right Wing Defense Defense
Nikita Nesterenko Brian Pinho Jiri Smejkal Tyler Wotherspoon Ilya Solovyov
Goaltenders
Starting : Matthew Murray
Backup : Farm Goalie 24
Extra Forwards
Normal : Joe Carroll, Wyatt Bongiovanni, Dino Kambeitz - PP : Joe Carroll, Wyatt Bongiovanni - PK : Dino Kambeitz
Extra Defensemen
Normal : Christoffer Sedoff, Anton Malmstrom, Ilya Solovyov - PP : Christoffer Sedoff - PK : Anton Malmstrom, Tyler Wotherspoon
Penalty Shots
Brian Pinho, Joe Carroll, Nikita Nesterenko, Wyatt Bongiovanni, Dino Kambeitz
Custom OT Lines Forwards
Brendan Furry, Jeffrey Viel, Nikita Nesterenko, Jiri Smejkal, Austin Rueschhoff, Brian Pinho, Joe Carroll, Wyatt Bongiovanni, Dino Kambeitz, Justin Pearson
Custom OT Lines Defensemen
Tyler Wotherspoon, Ilya Solovyov, Griffin Mendel, Ethan Frisch, Christoffer Sedoff
Scratches
Jacob Melanson (Healthy), Simon Pinard (Healthy), Alex Swetlikoff (Healthy), Ben Berard (Healthy), Ethan De Jong (Healthy)
Matt Brown (Healthy), Chris Jandric (Healthy), Ian McKinnon (Healthy), Luke Cavallin (Healthy)
% Time on Ice - Colorado
Lines # - Real PCT - Wanted PCT - Time Play
Normal Forward
1 - 27% - 25% - 8:29
2 - 30% - 25% - 9:21
3 - 19% - 25% - 5:57
4 - 23% - 25% - 7:05
Normal Defense
1 - 8% - 25% - 2:27
2 - 30% - 25% - 9:12
3 - 52% - 25% - 16:02
4 - 10% - 25% - 3:11
PP Forward
1 - 50% - 60% - 4:21
2 - 50% - 40% - 4:25
PP Defense
1 - 50% - 60% - 4:21
2 - 50% - 40% - 4:25
PK Forward
1 - 63% - 60% - 12:45
2 - 37% - 40% - 7:25
PK Defense
1 - 64% - 60% - 12:52
2 - 36% - 40% - 7:18
PK3 Forward
1 - 0% - 60%
2 - 0% - 40%
PK3 Defense
1 - 0% - 60%
2 - 0% - 40%
44 Forward
1 - 71% - 60% - 1:11
2 - 29% - 40% - 0:29
44 Defense
1 - 53% - 60% - 0:53
2 - 47% - 40% - 0:47
Last Minute Offensive - 0:00
Last Minute Defensive - 0:00
Total
Forward - 61:28
Defense - 61:28
|
% Time on Ice - Checkers
Lines # - Real PCT - Wanted PCT - Time Play
Normal Forward
1 - 41% - 25% - 12:39
2 - 18% - 25% - 5:27
3 - 27% - 25% - 8:26
4 - 14% - 25% - 4:20
Normal Defense
1 - 18% - 25% - 5:37
2 - 26% - 25% - 8:07
3 - 38% - 25% - 11:45
4 - 17% - 25% - 5:23
PP Forward
1 - 47% - 60% - 9:31
2 - 53% - 40% - 10:39
PP Defense
1 - 53% - 60% - 10:42
2 - 47% - 40% - 9:28
PK Forward
1 - 68% - 60% - 4:55
2 - 32% - 40% - 2:20
PK Defense
1 - 41% - 60% - 3:00
2 - 59% - 40% - 4:15
PK3 Forward
1 - 88% - 60% - 2:38
2 - 12% - 40% - 0:21
PK3 Defense
1 - 48% - 60% - 1:26
2 - 52% - 40% - 1:33
44 Forward
1 - 100% - 60% - 0:12
2 - 0% - 40% - 0:00
44 Defense
1 - 100% - 60% - 0:12
2 - 0% - 40% - 0:00
Last Minute Offensive - 0:00
Last Minute Defensive - 0:00
Total
Forward - 61:28
Defense - 61:28
|
Play-by-Play
1st period
0:01 of 1st period - Austin Rueschhoff wins face-off versus Dmitri Voronkov in neutral zone.
0:01 of 1st period - Austin Rueschhoff is hit by Dmitri Voronkov.
0:04 of 1st period - Minor Penalty to Dmitri Voronkov for Hooking.
0:05 of 1st period - Filip Cederqvist wins face-off versus Joe Carroll in Colorado zone.
0:16 of 1st period - Shot by Tyler Wotherspoon.
0:16 of 1st period - Stopped by Henrik Tikkanen with a rebound.
0:18 of 1st period - Shot by Wyatt Bongiovanni.
0:18 of 1st period - Shot Blocked by Taro Hirose.
0:20 of 1st period - Shot by Tyler Wotherspoon.
0:20 of 1st period - Shot Blocked by Ethan Samson.
0:22 of 1st period - Shot by Joe Carroll.
0:22 of 1st period - Stopped by Henrik Tikkanen with a rebound.
0:24 of 1st period - Shot by Wyatt Bongiovanni.
0:24 of 1st period - Shot Blocked by Michael Callahan.
0:26 of 1st period - Shot by Joe Carroll.
0:26 of 1st period - Stopped by Henrik Tikkanen without a rebound.
0:27 of 1st period - Filip Cederqvist wins face-off versus Brian Pinho in Colorado zone.
0:33 of 1st period - Icing by Dino Kambeitz.
0:34 of 1st period - Nikita Nesterenko wins face-off versus Filip Cederqvist in Checkers zone.
1:00 of 1st period - Shot by Dino Kambeitz.
1:00 of 1st period - Stopped by Henrik Tikkanen without a rebound.
1:01 of 1st period - Joe Carroll wins face-off versus Filip Cederqvist in Colorado zone.
1:08 of 1st period - Shot by Jiri Smejkal.
1:08 of 1st period - Stopped by Henrik Tikkanen with a rebound.
1:10 of 1st period - Shot by Jiri Smejkal.
1:10 of 1st period - Shot Hit the Post.
1:12 of 1st period - Shot by Joe Carroll.
1:12 of 1st period - Goal by Joe Carroll - Colorado : 0 - Checkers : 1.
1:13 of 1st period - John Stevens wins face-off versus Jeffrey Viel in neutral zone.
1:41 of 1st period - Shot by Jeffrey Viel.
1:41 of 1st period - Shot Misses the Net.
1:43 of 1st period - Shot by Anton Malmstrom.
1:43 of 1st period - Shot Misses the Net.
1:49 of 1st period - Shot by Jeffrey Viel.
1:49 of 1st period - Stopped by Henrik Tikkanen with a rebound.
2:04 of 1st period - Minor Penalty to Brayden Pachal for Hooking.
2:05 of 1st period - Dmitri Voronkov wins face-off versus Joe Carroll in Colorado zone.
3:04 of 1st period - Shot by Nikita Nesterenko.
3:04 of 1st period - Stopped by Henrik Tikkanen without a rebound.
3:05 of 1st period - Nikita Nesterenko wins face-off versus Dmitri Voronkov in Colorado zone.
3:06 of 1st period - Shot by Dino Kambeitz.
3:06 of 1st period - Stopped by Henrik Tikkanen with a rebound.
3:08 of 1st period - Shot by Brian Pinho.
3:08 of 1st period - Shot Blocked by Ethan Samson.
3:10 of 1st period - Shot by Nikita Nesterenko.
3:10 of 1st period - Shot Misses the Net.
3:12 of 1st period - Shot by Griffin Mendel.
3:12 of 1st period - Shot Misses the Net.
3:31 of 1st period - Icing by Brian Pinho.
3:32 of 1st period - Brian Pinho wins face-off versus Brandon Biro in Checkers zone.
3:36 of 1st period - Icing by Nikita Nesterenko.
3:37 of 1st period - Nikita Nesterenko wins face-off versus Dmitri Voronkov in Checkers zone.
3:37 of 1st period - Nikita Nesterenko is hit by Pavol Regenda.
3:42 of 1st period - Off-side.
3:43 of 1st period - Joe Carroll wins face-off versus Dmitri Voronkov in neutral zone.
4:17 of 1st period - Jett Jones is hit by Christoffer Sedoff and loses puck.
4:38 of 1st period - Shot by Jeffrey Viel.
4:38 of 1st period - Deflect By Austin Rueschhoff.
4:38 of 1st period - Shot Misses the Net.
4:54 of 1st period - Shot by Wyatt Bongiovanni.
4:54 of 1st period - Deflect By Dino Kambeitz.
4:54 of 1st period - Goal by Dino Kambeitz - Colorado : 0 - Checkers : 2.
4:55 of 1st period - Dmitri Voronkov wins face-off versus Nikita Nesterenko in neutral zone.
4:58 of 1st period - Shot by Dmitri Voronkov.
4:58 of 1st period - Shot Misses the Net.
5:06 of 1st period - Shot by Pavol Regenda.
5:06 of 1st period - Shot Blocked by Ilya Solovyov.
5:08 of 1st period - Shot by Dmitri Voronkov.
5:08 of 1st period - Stopped by Matthew Murray with a rebound.
5:39 of 1st period - Icing by Tyler Wotherspoon.
5:40 of 1st period - Nikita Nesterenko wins face-off versus John Stevens in Checkers zone.
5:40 of 1st period - Nikita Nesterenko is hit by John Stevens.
5:41 of 1st period - Minor Penalty to John Stevens for Roughing.
5:42 of 1st period - Dmitri Voronkov wins face-off versus Joe Carroll in Colorado zone.
5:53 of 1st period - Shot by Ethan Frisch.
5:53 of 1st period - Shot Misses the Net.
5:55 of 1st period - Shot by Wyatt Bongiovanni.
5:55 of 1st period - Shot Misses the Net.
5:57 of 1st period - Shot by Wyatt Bongiovanni.
5:57 of 1st period - Shot Blocked by Ryan Shea.
5:59 of 1st period - Shot by Ethan Frisch.
5:59 of 1st period - Shot Misses the Net.
6:01 of 1st period - Shot by Wyatt Bongiovanni.
6:01 of 1st period - Stopped by Henrik Tikkanen without a rebound.
6:02 of 1st period - Brandon Biro wins face-off versus Nikita Nesterenko in Colorado zone.
6:02 of 1st period - Brandon Biro is hit by Nikita Nesterenko.
6:10 of 1st period - Shot by Tyler Wotherspoon.
6:10 of 1st period - Shot Misses the Net.
6:12 of 1st period - Shot by Tyler Wotherspoon.
6:12 of 1st period - Stopped by Henrik Tikkanen without a rebound.
6:13 of 1st period - Nikita Nesterenko wins face-off versus Brandon Biro in Colorado zone.
6:14 of 1st period - Shot by Brian Pinho.
6:14 of 1st period - Deflect By Dino Kambeitz.
6:14 of 1st period - Stopped by Henrik Tikkanen without a rebound.
6:15 of 1st period - Nikita Nesterenko wins face-off versus Dmitri Voronkov in Colorado zone.
6:16 of 1st period - Shot by Griffin Mendel.
6:16 of 1st period - Shot Blocked by Maxwell Crozier.
6:29 of 1st period - Shot by Brian Pinho.
6:29 of 1st period - Shot Misses the Net.
6:31 of 1st period - Shot by Brian Pinho.
6:31 of 1st period - Stopped by Henrik Tikkanen without a rebound.
6:32 of 1st period - Dmitri Voronkov wins face-off versus Joe Carroll in Colorado zone.
7:39 of 1st period - Shot by Brian Pinho.
7:39 of 1st period - Deflect By Nikita Nesterenko.
7:39 of 1st period - Stopped by Henrik Tikkanen without a rebound.
7:40 of 1st period - Nikita Nesterenko wins face-off versus Dmitri Voronkov in Colorado zone.
7:40 of 1st period - Nikita Nesterenko is hit by Michael Callahan.
7:50 of 1st period - Brayden Pachal is hit by Jeffrey Viel and loses puck.
7:59 of 1st period - Shot by Justin Pearson.
7:59 of 1st period - Shot Misses the Net.
8:07 of 1st period - Shot by Jeffrey Viel.
8:07 of 1st period - Stopped by Henrik Tikkanen without a rebound.
8:08 of 1st period - John Stevens wins face-off versus Wyatt Bongiovanni in Colorado zone.
8:38 of 1st period - Shot by Wyatt Bongiovanni.
8:38 of 1st period - Stopped by Henrik Tikkanen with a rebound.
9:24 of 1st period - Shot by Jiri Smejkal.
9:24 of 1st period - Stopped by Henrik Tikkanen without a rebound.
9:25 of 1st period - Austin Rueschhoff wins face-off versus Cooper Walker in Colorado zone.
9:40 of 1st period - Christoffer Sedoff is hit by Filip Cederqvist.
10:00 of 1st period - Shot by Austin Rueschhoff.
10:00 of 1st period - Shot Misses the Net.
10:33 of 1st period - Shot by Jiri Smejkal.
10:33 of 1st period - Stopped by Henrik Tikkanen without a rebound.
10:34 of 1st period - John Stevens wins face-off versus Wyatt Bongiovanni in Colorado zone.
10:34 of 1st period - John Stevens is hit by Joe Carroll.
10:37 of 1st period - Icing by Taro Hirose.
10:38 of 1st period - Nikita Nesterenko wins face-off versus John Stevens in Colorado zone.
10:51 of 1st period - Shot by Tyler Wotherspoon.
10:51 of 1st period - Shot Blocked by Ethan Samson.
10:58 of 1st period - Taro Hirose is hit by Nikita Nesterenko and loses puck.
11:31 of 1st period - Shot by Brandon Biro.
11:31 of 1st period - Shot Blocked by Tyler Wotherspoon.
11:35 of 1st period - Shot by Brandon Biro.
11:35 of 1st period - Stopped by Matthew Murray with a rebound.
11:38 of 1st period - Minor Penalty to Nikita Nesterenko for Cross-checking.
11:39 of 1st period - Wyatt Bongiovanni wins face-off versus Dmitri Voronkov in Checkers zone.
11:54 of 1st period - Wyatt Bongiovanni is hit by Pavol Regenda and loses puck.
12:04 of 1st period - Shot by Ryan Shea.
12:04 of 1st period - Shot Misses the Net.
12:06 of 1st period - Shot by Maxwell Crozier.
12:06 of 1st period - Deflect By Dmitri Voronkov.
12:06 of 1st period - Stopped by Matthew Murray without a rebound.
12:06 of 1st period - Minor Penalty to Ethan Frisch for Slashing.
12:07 of 1st period - Dino Kambeitz wins face-off versus John Stevens in Checkers zone.
14:14 of 1st period - Minor Penalty to Filip Cederqvist for Roughing.
14:15 of 1st period - Joe Carroll wins face-off versus Dmitri Voronkov in Colorado zone.
14:16 of 1st period - Shot by Jiri Smejkal.
14:16 of 1st period - Stopped by Henrik Tikkanen with a rebound.
14:28 of 1st period - Shot by Joe Carroll.
14:28 of 1st period - Shot Misses the Net.
14:30 of 1st period - Shot by Joe Carroll.
14:30 of 1st period - Shot Misses the Net.
14:32 of 1st period - Shot by Tyler Wotherspoon.
14:32 of 1st period - Shot Misses the Net.
14:34 of 1st period - Shot by Wyatt Bongiovanni.
14:34 of 1st period - Shot Blocked by Maxwell Crozier.
14:36 of 1st period - Shot by Jiri Smejkal.
14:36 of 1st period - Goal by Jiri Smejkal - Colorado : 0 - Checkers : 3.
14:37 of 1st period - Cooper Walker wins face-off versus Austin Rueschhoff in neutral zone.
14:57 of 1st period - Icing by Brayden Pachal.
14:58 of 1st period - Nikita Nesterenko wins face-off versus Cooper Walker in Colorado zone.
15:01 of 1st period - Shot by Jiri Smejkal.
15:01 of 1st period - Shot Blocked by Brayden Pachal.
15:27 of 1st period - Shot by Nikita Nesterenko.
15:27 of 1st period - Shot Blocked by Brayden Pachal.
15:45 of 1st period - Off-side.
15:46 of 1st period - Wyatt Bongiovanni wins face-off versus Dmitri Voronkov in neutral zone.
15:48 of 1st period - Off-side.
15:49 of 1st period - Wyatt Bongiovanni wins face-off versus Dmitri Voronkov in neutral zone.
16:14 of 1st period - Shot by Dino Kambeitz.
16:14 of 1st period - Stopped by Henrik Tikkanen with a rebound.
16:16 of 1st period - Shot by Ethan Frisch.
16:16 of 1st period - Stopped by Henrik Tikkanen without a rebound.
16:17 of 1st period - Ryan Sandelin wins face-off versus Justin Pearson in Colorado zone.
16:17 of 1st period - Ryan Sandelin is hit by Jeffrey Viel.
16:20 of 1st period - Minor Penalty to Austin Rueschhoff for Tripping.
16:21 of 1st period - Taro Hirose wins face-off versus Wyatt Bongiovanni in Checkers zone.
16:27 of 1st period - Shot by Ryan Sandelin.
16:27 of 1st period - Shot Blocked by Ilya Solovyov.
16:45 of 1st period - Shot by John Stevens.
16:45 of 1st period - Stopped by Matthew Murray without a rebound.
16:46 of 1st period - Wyatt Bongiovanni wins face-off versus Dmitri Voronkov in Checkers zone.
16:46 of 1st period - Wyatt Bongiovanni is hit by Dmitri Voronkov.
16:58 of 1st period - Shot by Dmitri Voronkov.
16:58 of 1st period - Shot Misses the Net.
17:08 of 1st period - Shot by Pavol Regenda.
17:08 of 1st period - Shot Misses the Net.
17:10 of 1st period - Shot by Maxwell Crozier.
17:10 of 1st period - Stopped by Matthew Murray without a rebound.
17:11 of 1st period - Wyatt Bongiovanni wins face-off versus John Stevens in Checkers zone.
17:17 of 1st period - Icing by Michael Callahan.
17:18 of 1st period - John Stevens wins face-off versus Wyatt Bongiovanni in Colorado zone.
19:04 of 1st period - Shot by Dmitri Voronkov.
19:04 of 1st period - Goal by Dmitri Voronkov - Colorado : 1 - Checkers : 3.
19:05 of 1st period - Dmitri Voronkov wins face-off versus Nikita Nesterenko in neutral zone.
19:07 of 1st period - Maxwell Crozier is hit by Nikita Nesterenko and loses puck.
19:09 of 1st period - Minor Penalty to Dmitri Voronkov for Holding.
19:10 of 1st period - John Stevens wins face-off versus Nikita Nesterenko in Colorado zone.
19:10 of 1st period - John Stevens is hit by Brian Pinho.
19:21 of 1st period - Off-side.
19:22 of 1st period - Wyatt Bongiovanni wins face-off versus Filip Cederqvist in neutral zone.
19:41 of 1st period - Shot by Tyler Wotherspoon.
19:41 of 1st period - Stopped by Henrik Tikkanen without a rebound.
19:42 of 1st period - Nikita Nesterenko wins face-off versus John Stevens in Colorado zone.
19:57 of 1st period - Shot by Nikita Nesterenko.
19:57 of 1st period - Stopped by Henrik Tikkanen without a rebound.
19:58 of 1st period - Filip Cederqvist wins face-off versus Joe Carroll in Colorado zone.
Goals for this period are 1 for Colorado vs 3 for Checkers.
Shots for this period are 6 for Colorado vs 25 for Checkers.
2nd period
0:01 of 2nd period - Joe Carroll wins face-off versus Filip Cederqvist in neutral zone.
0:26 of 2nd period - Shot by Wyatt Bongiovanni.
0:26 of 2nd period - Shot Misses the Net.
0:28 of 2nd period - Shot by Jiri Smejkal.
0:28 of 2nd period - Stopped by Henrik Tikkanen without a rebound.
0:29 of 2nd period - Filip Cederqvist wins face-off versus Nikita Nesterenko in Colorado zone.
1:19 of 2nd period - Shot by John Stevens.
1:19 of 2nd period - Shot Misses the Net.
1:21 of 2nd period - Shot by Ryan Sandelin.
1:21 of 2nd period - Shot Misses the Net.
1:23 of 2nd period - Shot by Ryan Sandelin.
1:23 of 2nd period - Stopped by Matthew Murray with a rebound.
1:32 of 2nd period - Minor Penalty to Christoffer Sedoff for Hooking.
1:33 of 2nd period - Dmitri Voronkov wins face-off versus Wyatt Bongiovanni in Checkers zone.
1:34 of 2nd period - Shot by Brandon Biro.
1:34 of 2nd period - Goal by Brandon Biro - Colorado : 2 - Checkers : 3.
1:35 of 2nd period - Jett Jones wins face-off versus Wyatt Bongiovanni in neutral zone.
1:43 of 2nd period - Icing by Tyler Wotherspoon.
1:44 of 2nd period - Wyatt Bongiovanni wins face-off versus Dmitri Voronkov in Checkers zone.
1:50 of 2nd period - Icing by Tyler Wotherspoon.
1:51 of 2nd period - Jett Jones wins face-off versus Wyatt Bongiovanni in Checkers zone.
1:55 of 2nd period - Icing by Ilya Solovyov.
1:56 of 2nd period - Wyatt Bongiovanni wins face-off versus Jett Jones in Checkers zone.
2:01 of 2nd period - Double Minor Penalty to Dino Kambeitz for Boarding.
2:02 of 2nd period - Wyatt Bongiovanni wins face-off versus Brandon Biro in Checkers zone.
2:02 of 2nd period - Wyatt Bongiovanni is hit by Dmitri Voronkov.
2:30 of 2nd period - Icing by Ryan Shea.
2:31 of 2nd period - Wyatt Bongiovanni wins face-off versus Dmitri Voronkov in Colorado zone.
2:47 of 2nd period - Dmitri Voronkov is hit by Griffin Mendel and loses puck.
3:47 of 2nd period - Icing by Maxwell Crozier.
3:48 of 2nd period - Dmitri Voronkov wins face-off versus Nikita Nesterenko in Colorado zone.
3:48 of 2nd period - Dmitri Voronkov is hit by Nikita Nesterenko.
4:29 of 2nd period - Icing by John Stevens.
4:30 of 2nd period - Wyatt Bongiovanni wins face-off versus John Stevens in Colorado zone.
5:06 of 2nd period - Icing by Axel Jonsson-Fjallby.
5:07 of 2nd period - Axel Jonsson-Fjallby wins face-off versus Nikita Nesterenko in Colorado zone.
5:40 of 2nd period - Shot by Wyatt Bongiovanni.
5:40 of 2nd period - Shot Misses the Net.
5:47 of 2nd period - Shot by Griffin Mendel.
5:47 of 2nd period - Shot Blocked by Brayden Pachal.
5:48 of 2nd period - Major / Game Misconduct Penalty to Kim Nousiainen for Butt-ending.
5:48 of 2nd period - Kim Nousiainen is ejected from game.
5:49 of 2nd period - Dmitri Voronkov wins face-off versus Joe Carroll in Colorado zone.
5:49 of 2nd period - Maxwell Crozier is hit by Joe Carroll and loses puck.
6:02 of 2nd period - Icing by Tyler Wotherspoon.
6:03 of 2nd period - Nikita Nesterenko wins face-off versus Dmitri Voronkov in Checkers zone.
6:20 of 2nd period - Shot by Nikita Nesterenko.
6:20 of 2nd period - Shot Blocked by Ethan Samson.
6:22 of 2nd period - Shot by Joe Carroll.
6:22 of 2nd period - Stopped by Henrik Tikkanen without a rebound.
6:23 of 2nd period - Dmitri Voronkov wins face-off versus Nikita Nesterenko in Colorado zone.
6:34 of 2nd period - Shot by Griffin Mendel.
6:34 of 2nd period - Shot Misses the Net.
7:27 of 2nd period - Shot by Jiri Smejkal.
7:27 of 2nd period - Shot Blocked by Maxwell Crozier.
7:29 of 2nd period - Shot by Jiri Smejkal.
7:29 of 2nd period - Shot Misses the Net.
7:31 of 2nd period - Shot by Joe Carroll.
7:31 of 2nd period - Deflect By Jiri Smejkal.
7:31 of 2nd period - Stopped by Henrik Tikkanen without a rebound.
7:32 of 2nd period - Jiri Smejkal wins face-off versus Dmitri Voronkov in Colorado zone.
8:20 of 2nd period - Shot by Nikita Nesterenko.
8:20 of 2nd period - Shot Misses the Net.
9:31 of 2nd period - Icing by Jiri Smejkal.
9:32 of 2nd period - Tyson Kozak wins face-off versus Dmitri Voronkov in Checkers zone.
9:42 of 2nd period - Icing by Jiri Smejkal.
9:43 of 2nd period - Tyson Kozak wins face-off versus Dmitri Voronkov in Checkers zone.
9:52 of 2nd period - Shot by Pavol Regenda.
9:52 of 2nd period - Shot Misses the Net.
9:54 of 2nd period - Shot by Ethan Samson.
9:54 of 2nd period - Stopped by Matthew Murray without a rebound.
9:55 of 2nd period - Nikita Nesterenko wins face-off versus Brandon Biro in Checkers zone.
10:16 of 2nd period - Shot by Dmitri Voronkov.
10:16 of 2nd period - Shot Blocked by Griffin Mendel.
10:18 of 2nd period - Shot by Maxwell Crozier.
10:18 of 2nd period - Goal by Maxwell Crozier - Colorado : 3 - Checkers : 3.
10:19 of 2nd period - Joe Carroll wins face-off versus Brandon Biro in neutral zone.
10:59 of 2nd period - Shot by Anton Malmstrom.
10:59 of 2nd period - Stopped by Henrik Tikkanen without a rebound.
11:00 of 2nd period - Eetu Liukas wins face-off versus Jeffrey Viel in Colorado zone.
11:04 of 2nd period - Cooper Walker is hit by Austin Rueschhoff and loses puck.
11:12 of 2nd period - Off-side.
11:13 of 2nd period - John Stevens wins face-off versus Austin Rueschhoff in neutral zone.
11:35 of 2nd period - Shot by Taro Hirose.
11:35 of 2nd period - Shot Misses the Net.
12:58 of 2nd period - Icing by Ethan Frisch.
12:59 of 2nd period - John Stevens wins face-off versus Austin Rueschhoff in Checkers zone.
13:44 of 2nd period - Shot by Cooper Walker.
13:44 of 2nd period - Deflect By Filip Cederqvist.
13:44 of 2nd period - Shot Misses the Net.
15:02 of 2nd period - Shot by Filip Cederqvist.
15:02 of 2nd period - Shot Misses the Net.
15:04 of 2nd period - Shot by Brayden Pachal.
15:04 of 2nd period - Shot Misses the Net.
15:06 of 2nd period - Shot by Jett Jones.
15:06 of 2nd period - Deflect By Filip Cederqvist.
15:06 of 2nd period - Stopped by Matthew Murray with a rebound.
15:08 of 2nd period - Shot by Brayden Pachal.
15:08 of 2nd period - Goal by Brayden Pachal - Colorado : 4 - Checkers : 3.
15:09 of 2nd period - John Stevens wins face-off versus Wyatt Bongiovanni in neutral zone.
15:25 of 2nd period - Off-side.
15:26 of 2nd period - Wyatt Bongiovanni wins face-off versus Cooper Walker in neutral zone.
16:04 of 2nd period - Icing by Brayden Pachal.
16:05 of 2nd period - Nikita Nesterenko wins face-off versus Cooper Walker in Colorado zone.
16:30 of 2nd period - Shot by Brian Pinho.
16:30 of 2nd period - Stopped by Henrik Tikkanen with a rebound.
16:32 of 2nd period - Shot by Jiri Smejkal.
16:32 of 2nd period - Shot Blocked by Brayden Pachal.
16:34 of 2nd period - Shot by Tyler Wotherspoon.
16:34 of 2nd period - Stopped by Henrik Tikkanen without a rebound.
16:35 of 2nd period - Dmitri Voronkov wins face-off versus Austin Rueschhoff in Colorado zone.
16:57 of 2nd period - Shot by Dmitri Voronkov.
16:57 of 2nd period - Stopped by Matthew Murray without a rebound.
16:58 of 2nd period - Wyatt Bongiovanni wins face-off versus John Stevens in Checkers zone.
17:21 of 2nd period - Shot by Taro Hirose.
17:21 of 2nd period - Shot Misses the Net.
18:16 of 2nd period - Shot by Brandon Biro.
18:16 of 2nd period - Stopped by Matthew Murray without a rebound.
18:17 of 2nd period - Austin Rueschhoff wins face-off versus Cooper Walker in Checkers zone.
18:26 of 2nd period - Shot by Filip Cederqvist.
18:26 of 2nd period - Shot Blocked by Griffin Mendel.
19:14 of 2nd period - Brian Pinho is hit by Dmitri Voronkov and loses puck.
19:26 of 2nd period - Shot by Pavol Regenda.
19:26 of 2nd period - Stopped by Matthew Murray without a rebound.
19:27 of 2nd period - Austin Rueschhoff wins face-off versus John Stevens in Checkers zone.
19:43 of 2nd period - Ryan Sandelin is hit by Anton Malmstrom and loses puck.
19:57 of 2nd period - Icing by Justin Pearson.
19:58 of 2nd period - Dmitri Voronkov wins face-off versus Austin Rueschhoff in Checkers zone.
Goals for this period are 3 for Colorado vs 0 for Checkers.
Shots for this period are 9 for Colorado vs 6 for Checkers.
3rd period
0:01 of 3rd period - Filip Cederqvist wins face-off versus Nikita Nesterenko in neutral zone.
0:08 of 3rd period - Shot by Jett Jones.
0:08 of 3rd period - Shot Misses the Net.
0:20 of 3rd period - Shot by Jiri Smejkal.
0:20 of 3rd period - Shot Misses the Net.
0:24 of 3rd period - Shot by Jeffrey Viel.
0:24 of 3rd period - Goal by Jeffrey Viel - Colorado : 4 - Checkers : 4.
0:25 of 3rd period - Wyatt Bongiovanni wins face-off versus Pavol Regenda in neutral zone.
0:45 of 3rd period - Pavol Regenda is hit by Griffin Mendel and loses puck.
0:51 of 3rd period - Off-side.
0:52 of 3rd period - Cooper Walker wins face-off versus Nikita Nesterenko in neutral zone.
1:34 of 3rd period - Jiri Smejkal is hit by John Stevens and loses puck.
1:41 of 3rd period - Shot by Taro Hirose.
1:41 of 3rd period - Stopped by Matthew Murray with a rebound.
1:43 of 3rd period - Shot by Brayden Pachal.
1:43 of 3rd period - Shot Blocked by Tyler Wotherspoon.
1:47 of 3rd period - Shot by Taro Hirose.
1:47 of 3rd period - Shot Misses the Net.
2:24 of 3rd period - Icing by Ethan Samson.
2:25 of 3rd period - Wyatt Bongiovanni wins face-off versus Dmitri Voronkov in Colorado zone.
2:38 of 3rd period - Shot by Griffin Mendel.
2:38 of 3rd period - Stopped by Henrik Tikkanen with a rebound.
2:44 of 3rd period - Shot by Wyatt Bongiovanni.
2:44 of 3rd period - Stopped by Henrik Tikkanen with a rebound.
2:46 of 3rd period - Shot by Ethan Frisch.
2:46 of 3rd period - Shot Blocked by Maxwell Crozier.
2:48 of 3rd period - Shot by Joe Carroll.
2:48 of 3rd period - Shot Misses the Net.
2:55 of 3rd period - Wyatt Bongiovanni is hit by Ethan Samson and loses puck.
3:00 of 3rd period - Shot by Dino Kambeitz.
3:00 of 3rd period - Shot Misses the Net.
3:02 of 3rd period - Shot by Wyatt Bongiovanni.
3:02 of 3rd period - Shot Misses the Net.
3:22 of 3rd period - Off-side.
3:23 of 3rd period - Jett Jones wins face-off versus Austin Rueschhoff in neutral zone.
4:17 of 3rd period - Icing by Anton Malmstrom.
4:18 of 3rd period - Austin Rueschhoff wins face-off versus John Stevens in Checkers zone.
4:22 of 3rd period - Justin Pearson is hit by John Stevens.
4:44 of 3rd period - Shot by John Stevens.
4:44 of 3rd period - Shot Misses the Net.
5:01 of 3rd period - Shot by Filip Cederqvist.
5:01 of 3rd period - Stopped by Matthew Murray without a rebound.
5:02 of 3rd period - Dmitri Voronkov wins face-off versus Wyatt Bongiovanni in Checkers zone.
5:07 of 3rd period - Shot by Pavol Regenda.
5:07 of 3rd period - Deflect By Dmitri Voronkov.
5:07 of 3rd period - Shot Misses the Net.
5:57 of 3rd period - Minor Penalty to Maxwell Crozier for Interference.
5:58 of 3rd period - Dmitri Voronkov wins face-off versus Nikita Nesterenko in Colorado zone.
5:58 of 3rd period - Dmitri Voronkov is hit by Nikita Nesterenko.
6:01 of 3rd period - Brayden Pachal is hit by Brian Pinho and loses puck.
6:32 of 3rd period - Shot by Brian Pinho.
6:32 of 3rd period - Stopped by Henrik Tikkanen without a rebound.
6:33 of 3rd period - Brandon Biro wins face-off versus Nikita Nesterenko in Colorado zone.
6:39 of 3rd period - Icing by Tyler Wotherspoon.
6:40 of 3rd period - Brandon Biro wins face-off versus Nikita Nesterenko in Checkers zone.
6:41 of 3rd period - Shot by Taro Hirose.
6:41 of 3rd period - Stopped by Matthew Murray without a rebound.
6:42 of 3rd period - Joe Carroll wins face-off versus Dmitri Voronkov in Checkers zone.
6:47 of 3rd period - Dmitri Voronkov is hit by Wyatt Bongiovanni and loses puck.
8:16 of 3rd period - Minor Penalty to Maxwell Crozier for Hooking.
8:17 of 3rd period - Brandon Biro wins face-off versus Joe Carroll in Colorado zone.
8:38 of 3rd period - Shot by Jiri Smejkal.
8:38 of 3rd period - Stopped by Henrik Tikkanen without a rebound.
8:39 of 3rd period - Nikita Nesterenko wins face-off versus Brandon Biro in Colorado zone.
8:46 of 3rd period - Shot by Ethan Frisch.
8:46 of 3rd period - Stopped by Henrik Tikkanen without a rebound.
8:47 of 3rd period - Nikita Nesterenko wins face-off versus Dmitri Voronkov in Colorado zone.
8:52 of 3rd period - Shot by Nikita Nesterenko.
8:52 of 3rd period - Stopped by Henrik Tikkanen with a rebound.
8:54 of 3rd period - Shot by Dino Kambeitz.
8:54 of 3rd period - Stopped by Henrik Tikkanen without a rebound.
8:55 of 3rd period - Dmitri Voronkov wins face-off versus Joe Carroll in Colorado zone.
9:42 of 3rd period - Shot by Ethan Frisch.
9:42 of 3rd period - Stopped by Henrik Tikkanen without a rebound.
9:43 of 3rd period - Brandon Biro wins face-off versus Nikita Nesterenko in Colorado zone.
9:54 of 3rd period - Brandon Biro is hit by Brian Pinho and loses puck.
10:34 of 3rd period - Jeffrey Viel is hit by Brayden Pachal and loses puck.
10:37 of 3rd period - Shot by Austin Rueschhoff.
10:37 of 3rd period - Stopped by Henrik Tikkanen without a rebound.
10:38 of 3rd period - Wyatt Bongiovanni wins face-off versus Cooper Walker in Colorado zone.
11:07 of 3rd period - Shot by Filip Cederqvist.
11:07 of 3rd period - Shot Blocked by Dino Kambeitz.
11:29 of 3rd period - Shot by Jiri Smejkal.
11:29 of 3rd period - Shot Misses the Net.
11:40 of 3rd period - John Stevens is hit by Anton Malmstrom and loses puck.
12:26 of 3rd period - Shot by Dmitri Voronkov.
12:26 of 3rd period - Stopped by Matthew Murray without a rebound.
12:27 of 3rd period - Wyatt Bongiovanni wins face-off versus Jett Jones in Checkers zone.
12:27 of 3rd period - Wyatt Bongiovanni is hit by Filip Cederqvist.
12:36 of 3rd period - Shot by Joe Carroll.
12:36 of 3rd period - Stopped by Henrik Tikkanen with a rebound.
12:38 of 3rd period - Shot by Ilya Solovyov.
12:38 of 3rd period - Shot Misses the Net.
12:49 of 3rd period - Icing by Brayden Pachal.
12:50 of 3rd period - Jett Jones wins face-off versus Nikita Nesterenko in Colorado zone.
13:00 of 3rd period - Icing by Griffin Mendel.
13:01 of 3rd period - Dmitri Voronkov wins face-off versus Nikita Nesterenko in Checkers zone.
13:04 of 3rd period - Shot by Pavol Regenda.
13:04 of 3rd period - Stopped by Matthew Murray with a rebound.
13:37 of 3rd period - Icing by Pavol Regenda.
13:38 of 3rd period - Dmitri Voronkov wins face-off versus Wyatt Bongiovanni in Colorado zone.
13:38 of 3rd period - Dmitri Voronkov is hit by Dino Kambeitz.
13:41 of 3rd period - Icing by Brandon Biro.
13:42 of 3rd period - Brandon Biro wins face-off versus Wyatt Bongiovanni in Colorado zone.
13:51 of 3rd period - Shot by Joe Carroll.
13:51 of 3rd period - Stopped by Henrik Tikkanen with a rebound.
13:53 of 3rd period - Shot by Joe Carroll.
13:53 of 3rd period - Shot Misses the Net.
13:55 of 3rd period - Shot by Joe Carroll.
13:55 of 3rd period - Stopped by Henrik Tikkanen without a rebound.
13:56 of 3rd period - Austin Rueschhoff wins face-off versus Jett Jones in Colorado zone.
14:02 of 3rd period - Minor Penalty to Jett Jones for Roughing.
14:03 of 3rd period - Nikita Nesterenko wins face-off versus Dmitri Voronkov in Colorado zone.
14:29 of 3rd period - Nikita Nesterenko is hit by Brandon Biro and loses puck.
15:51 of 3rd period - Icing by Tyler Wotherspoon.
15:52 of 3rd period - Tyson Kozak wins face-off versus Dmitri Voronkov in Checkers zone.
15:52 of 3rd period - Tyson Kozak is hit by Filip Cederqvist.
16:00 of 3rd period - Shot by Tyson Kozak.
16:00 of 3rd period - Stopped by Henrik Tikkanen with a rebound.
16:06 of 3rd period - Shot by Austin Rueschhoff.
16:06 of 3rd period - Shot Blocked by Brayden Pachal.
16:08 of 3rd period - Shot by Anton Malmstrom.
16:08 of 3rd period - Stopped by Henrik Tikkanen without a rebound.
16:09 of 3rd period - Austin Rueschhoff wins face-off versus John Stevens in Colorado zone.
16:10 of 3rd period - Shot by Jeffrey Viel.
16:10 of 3rd period - Shot Blocked by Maxwell Crozier.
16:27 of 3rd period - Brayden Pachal is hit by Anton Malmstrom and loses puck.
16:38 of 3rd period - Shot by Taro Hirose.
16:38 of 3rd period - Shot Misses the Net.
17:02 of 3rd period - Shot by Jett Jones.
17:02 of 3rd period - Stopped by Matthew Murray with a rebound.
17:08 of 3rd period - Michael Callahan is hit by Dino Kambeitz and loses puck.
17:13 of 3rd period - Shot by Wyatt Bongiovanni.
17:13 of 3rd period - Stopped by Henrik Tikkanen without a rebound.
17:13 of 3rd period - Minor Penalty to Ethan Samson for High sticking.
17:14 of 3rd period - Pavol Regenda wins face-off versus Nikita Nesterenko in Colorado zone.
18:04 of 3rd period - Shot by Brandon Biro.
18:04 of 3rd period - Shot Misses the Net.
18:14 of 3rd period - Shot by Wyatt Bongiovanni.
18:14 of 3rd period - Deflect By Jiri Smejkal.
18:14 of 3rd period - Shot Misses the Net.
18:39 of 3rd period - Shot by Tyler Wotherspoon.
18:39 of 3rd period - Shot Misses the Net.
19:26 of 3rd period - Shot by Jeffrey Viel.
19:26 of 3rd period - Stopped by Henrik Tikkanen without a rebound.
19:27 of 3rd period - Jett Jones wins face-off versus Austin Rueschhoff in Colorado zone.
19:27 of 3rd period - Jett Jones is hit by Austin Rueschhoff.
19:28 of 3rd period - Minor Penalty to Justin Pearson for Roughing.
19:29 of 3rd period - Wyatt Bongiovanni wins face-off versus John Stevens in Checkers zone.
19:29 of 3rd period - Wyatt Bongiovanni is hit by John Stevens.
Goals for this period are 0 for Colorado vs 1 for Checkers.
Shots for this period are 6 for Colorado vs 17 for Checkers.
Overtime #1
0:01 of 1st overtime period - Nikita Nesterenko wins face-off versus Dmitri Voronkov in neutral zone.
0:11 of 1st overtime period - Off-side.
0:12 of 1st overtime period - Dmitri Voronkov wins face-off versus Nikita Nesterenko in neutral zone.
0:42 of 1st overtime period - Shot by Pavol Regenda.
0:42 of 1st overtime period - Shot Misses the Net.
1:58 of 1st overtime period - Shot by Griffin Mendel.
1:58 of 1st overtime period - Shot Misses the Net.
2:22 of 1st overtime period - Shot by Jiri Smejkal.
2:22 of 1st overtime period - Goal by Jiri Smejkal - Colorado : 4 - Checkers : 5.
Goals for this period are 0 for Colorado vs 1 for Checkers.
Shots for this period are 0 for Colorado vs 1 for Checkers.
Back to the Top